 Dungeon Crawl Stone Soup version 0.31-a0-187-gba352fbbf7 (webtiles) character file.

Game seed: 17770590829331610149

128 qw the Skirmisher (level 4, 0/25 HPs)
             Began as a Deep Elf Hunter on June 22, 2023.
             Slain by an endoplasm (3 damage)
             ... on level 2 of the Dungeon.
             The game lasted 00:00:35 (1187 turns).

qw the Skirmisher (Deep Elf Hunter)                 Turns: 1187, Time: 00:00:35

Health: 0/25       AC:  6    Str: 10    XL:     4   Next: 87%
Magic:  6/6        EV: 11    Int: 14    God:
Gold:   120        SH:  0    Dex: 18    Spells: 3/3 levels left

rFire   . . .        Y - +1 shortbow
rCold   . . .        (shield currently unavailable)
rNeg    . . .        j - +0 ring mail
rPois   .            d - +0 helmet
rElec   .            (no cloak)
rCorr   .            (no gloves)
SInv    .            (no boots)
Will    .....        (no amulet)
Stlth   +            (no ring)
HPRegen 0.24/turn    (no ring)
MPRegen 0.10/turn

%: no passive effects
@: about to teleport
A: no striking features
a: no special abilities


You were on level 2 of the Dungeon.
You visited 1 branch of the dungeon, and saw 2 of its levels.

You collected 120 gold pieces.


   Skills:
 - Level 1.5 Fighting
 + Level 8.3 Ranged Weapons
 - Level 2.4 Dodging
 - Level 1.2 Stealth


You had 3 spell levels left.
You didn't know any spells.
Your spell library was empty.

Inventory:

Hand Weapons
 Y - a +1 shortbow (weapon)
Armour
 d - a +0 helmet (worn)
 j - a +0 ring mail (worn)
Scrolls
 b - a scroll of fear {unknown}
Potions
 a - a potion of might {unknown}
 f - a potion of haste {unknown}
 g - a potion of curing {unknown}
 i - a potion of invisibility {unknown}

Dungeon Overview and Level Annotations

Branches:
Dungeon (2/15)

Altars:

Annotations:
D:2 Terence


Message History

An endoplasm comes into view.
Terence closely misses you.
You shoot an arrow. The endoplasm quivers.
The arrow hits Terence but does no damage.
Terence is moderately wounded.
Terence hits you with a +0 short sword.
You shoot an arrow.
The arrow hits Terence but does no damage.
Terence is moderately wounded.
Terence misses you.
You shoot an arrow. The arrow completely misses Terence.
Terence hits you but does no damage.
You shoot an arrow. The arrow closely misses Terence.
Terence hits you but does no damage.
You shoot an arrow. The arrow barely misses Terence.
Terence hits you but does no damage.
You shoot an arrow. The arrow hits Terence.
Terence is moderately wounded.
Terence hits you with a +0 short sword.
You shoot an arrow. The arrow closely misses Terence.
Terence hits you with a +0 short sword.
You shoot an arrow. The arrow closely misses Terence.
Terence hits you with a +0 short sword.
You shoot an arrow. The arrow closely misses Terence.
Terence completely misses you. The endoplasm freezes you.
You are frozen.
Terence barely misses you. The endoplasm completely misses you.
You shoot an arrow. The arrow completely misses Terence.
The endoplasm hits you but does no damage.
Terence closely misses you.
You shoot an arrow. The arrow hits Terence.
Terence is moderately wounded.
The endoplasm freezes you.
You are frozen.
Terence hits you with a +0 short sword.
1187 ||| READING scroll of teleportation.
As you read the scroll of teleportation, it crumbles to dust.
You feel strangely unstable. The endoplasm hits you.
You die...

<. #.####....# #.#%......# #. #
#....##.#.###.#.####..# ##
########<.........#..#.......#
.........##.##.#..#%.#:####....
##.####..##....#............<##.
...............#.....######..#
##.####..##.####..#......
#.####.....####.J..#####
##..(....##.....@@).#
.######.###.######...... .###
#.# #.# #...).. .+.####+###.#
#...... .#..........# ...
.#.......#### .. ##.......# .
#.......# #.......#


You could see Terence and an endoplasm.

Vanquished Creatures
  A scorpion (D:2)
  2 adders (D:2)
  A worm (D:2)
  A dart slug (D:2)
  3 ball pythons
  2 endoplasms (D:1)
  2 giant cockroaches (D:2)
  6 hobgoblins
  4 kobolds
  7 quokkas
  6 bats
  6 goblins
  6 rats
47 creatures vanquished.

Notes
Turn   | Place    | Note
-------+----------+-------------------------------------------
     0 | D:1      | qw the Deep Elf Hunter began the quest for the Orb.
     0 | D:1      | Reached XP level 1. HP: 12/12 MP: 3/3
     0 | D:1      | 0 ||| qw: Version: 0.3-a-9-g12657ce
     0 | D:1      | 0 ||| qw: Game counter: 2041
     0 | D:1      | 0 ||| qw: Always use a shield: true
     0 | D:1      | 0 ||| qw: God list: Okawaru
     0 | D:1      | 0 ||| qw: Allow faded altars: false
     0 | D:1      | 0 ||| qw: Do Orc after D:15 true
     0 | D:1      | 0 ||| qw: Do second Lair branch before Depths: true
     0 | D:1      | 0 ||| qw: Lair rune preference: random
     0 | D:1      | 0 ||| qw: Plans: Normal
     0 | D:1      | 0 ||| PLANNING D:1-11
   117 | D:1      | Reached skill level 6 in Ranged Weapons
   117 | D:1      | Reached XP level 2. HP: 16/16 MP: 4/4
   496 | D:1      | Reached XP level 3. HP: 20/20 MP: 5/5
   690 | D:1      | 690 ||| UPGRADING to +0 helmet.
   695 | D:1      | 695 ||| UPGRADING to +0 ring mail.
   705 | D:1      | 705 ||| DROPPING +0 leather armour.
   706 | D:1      | 706 ||| READING scroll labelled DIJOFU DARCH.
   707 | D:1      | 707 ||| READING scroll labelled FETOIQ UHAO.
   708 | D:1      | 708 ||| READING scroll labelled CYBARE NETS.
   712 | D:1      | 712 ||| DROPPING scroll of butterflies.
   843 | D:2      | Reached skill level 7 in Ranged Weapons
   972 | D:2      | Identified the +3 trident "Jetousmoma" {heavy, rPois rF+
                  | Int+2}
  1051 | D:2      | Noticed a scorpion
  1059 | D:2      | Killed a scorpion
  1060 | D:2      | Reached skill level 8 in Ranged Weapons
  1060 | D:2      | Reached XP level 4. HP: 22/25 MP: 6/6
  1162 | D:2      | Noticed Terence
  1186 | D:2      | HP: 6/25 [frozen (3)]
  1186 | D:2      | HP: 2/25 [Terence/+0 short sword (4)]
  1187 | D:2      | 1187 ||| READING scroll of teleportation.
  1187 | D:2      | Slain by an endoplasm

Levels and vault maps discovered:
D:1:      amcnicky_arrival_wind_blow, layout_basic, st_stairs_3
D:2:      layout_basic, chequers_garden, uniq_terence

Skill      XL: |  1  2  3 |
---------------+----------+-----
Ranged Weapons | 6 8 |  8.3
Fighting       | |  1.5
Dodging        | |  2.4
Stealth        | |  1.2

Action                     |  1- 3 |  4- 6 || total
---------------------------+-------+-------++-------
   Fire: Shortbow          |   124 |    28 ||   152
    Use: Scroll            |     3 |     1 ||     4
 Armour: Leather armour    |     6 |       ||     6
         Ring mail         |    10 |     6 ||    16
  Dodge: Dodged            |    40 |    10 ||    50

Table legend:
 A = Non-vault XP
 B = Vault XP
 C = Vault XP percentage of total XP
 D = Non-vault monster count
 E = Vault monster count
 F = Vault count percentage of total count
                 A         B        C        D         E       F
            +---------+---------+-------+---------+---------+-------
      Total |     181 |       3 |   1.6 |      45 |       2 |   4.3
            +---------+---------+-------+---------+---------+-------
        D:1 |      38 |       3 |   7.3 |      23 |       2 |   8.0
        D:2 |     143 |       0 |   0.0 |      22 |       0 |   0.0
            +---------+---------+-------+---------+---------+-------
